 Dungeon Crawl Stone Soup version 0.22.1-1-ga44c0e56f4 (webtiles) character file.

24566 Knicklaso the Cleaver (level 12, -13/112 HPs)
             Began as a Minotaur Berserker on Oct 7, 2018.
             Was a High Priest of Trog.
             Killed by the scythe of Curses (25 damage)
             ... in a labyrinth.
             The game lasted 00:37:09 (13700 turns).

Knicklaso the Cleaver (Minotaur Berserker)         Turns: 13700, Time: 00:37:11

Health: -13/112    AC: 11    Str: 23    XL:     12   Next: 81%
Magic:  17/17      EV: 18    Int:  4    God:    Trog [*****.]
Gold:   821        SH:  5    Dex: 19    Spells: 11/11 levels left

rFire    . . .     SeeInvis .   a - +4 battleaxe (venom)
rCold    + . .     Gourm    .   (shield currently unavailable)
rNeg     . . .     Faith    .   G - +3 scale mail {rC+}
rPois    +         Spirit   .   (helmet restricted)
rElec    .         Reflect  +   D - scarf {cloud immunity}
rCorr    .         Harm     .   N - +1 pair of gloves
MR       .....                  (no boots)
Stlth    +.........             u - +5 amulet of reflection
HPRegen  0.28/turn              y - ring of poison resistance
MPRegen  0.15/turn              k - ring of flight

@: agile, berserk cooldown, hasted and slowed, very heavily drained
A: retaliatory headbutt, horns 2
a: Berserk, Trog's Hand, Brothers in Arms, Renounce Religion, Evoke Flight


You were in a labyrinth.
You worshipped Trog.
Trog was extremely pleased with you.
You were not hungry.

You visited 2 branches of the dungeon, and saw 15 of its levels.
You also visited: Labyrinth.

You collected 821 gold pieces.

Inventory:

Hand Weapons
 a - a +4 battleaxe of venom (weapon)
 b - a +2 whip of electrocution
Missiles
 o - 14 tomahawks (quivered)
 r - 6 javelins
Armour
 B - the +1 leather armour of the Endless Expanse {+Blink rN+}
   (You found it on level 4 of the Dungeon)

   It protects you from negative energy.
   It lets you blink.
 D - a scarf of cloud immunity (worn)
 G - a +3 scale mail of cold resistance (worn)
 N - a +1 pair of gloves (worn)
 Q - a +2 shield of protection
Jewellery
 k - a ring of flight (right hand)
 u - a +5 amulet of reflection (around neck)
 y - a ring of poison resistance (left hand)
Wands
 h - a wand of random effects (15)
 t - a wand of flame (64)
 E - a wand of clouds (15)
 H - a wand of digging (13)
 I - a wand of paralysis (12)
 J - a wand of iceblast (15)
 M - a wand of disintegration (37)
 O - a wand of polymorph (5)
 R - a wand of scattershot (9)
Scrolls
 d - 13 scrolls of remove curse
 j - a scroll of amnesia
 m - 2 scrolls of enchant armour
 n - a scroll of summoning {unknown}
 p - 8 scrolls of teleportation
 q - a scroll of holy word {unknown}
 s - 4 scrolls of identify
 x - a scroll of blinking {unknown}
 A - 2 scrolls of fog
 F - 2 scrolls of magic mapping
 L - 3 scrolls of noise {unknown}
 P - a scroll of fear {unknown}
Potions
 e - a potion of agility
 g - a potion of brilliance {unknown}
 i - a potion of haste
 l - 4 potions of flight {unknown}
 v - a potion of cancellation {unknown}
 C - 4 potions of curing
 K - a potion of ambrosia {unknown}
Comestibles
 c - 23 rations


   Skills:
 + Level 12.2(7.5) Fighting
 + Level 14.8(9.9) Axes
 - Level 5.0(1.1) Armour
 - Level 8.6(4.3) Dodging
 * Level 10.3(5.8) Shields
 + Level 8.0(3.8) Evocations


You had 11 spell levels left.
You didn't know any spells.
Your spell library was empty.

Dungeon Overview and Level Annotations

Branches:
Dungeon (11/15)            Temple (0/1) D:4            Lair (4/6) D:9
  Swamp (0/4) Lair:2        Snake (0/4) Lair:2          Orc (0/2) D:9

Altars:
Ashenzari
Gozag
Nemelex Xobeh
Qazlal
Ru
Sif Muna
Vehumet
Wu Jian
Yredelemnul
The Shining One


Innate Abilities, Weirdness & Mutations

You reflexively headbutt those who attack you in melee.
You have a pair of horns on your head.


Message History

You see here a javelin.
You feel a strong urge to attack something.
You see here a javelin.
You are no longer berserk.
You are exhausted.
You feel yourself slow down.
You feel the effects of Trog's Hand fading.
The minotaur throws a javelin.
The javelin barely misses you.
The soul eater draws from the surrounding life force!
* * * LOW HITPOINT WARNING * * *
The soul eater is healed.
You see here a javelin.
You feel better.
You feel yourself speed up.
Your skin stops crawling.
You feel less resistant to hostile enchantments.
The minotaur hits you but does no damage.
You feel drained.
You convulse helplessly as pain tears through your body!
You die...

... # # # # ## ##
. #.# .. # . . #
. # ..# # .# # .#
....## . #
#...##.#.#######
## ..# #...@.# ..
# #.#####H#
#.#.#..2H...#
#.###.#...#(###.#
#........3.(((.#
#.##(#########.#
#.#. #8 8[ )8 #
## H... < #.#8.8
8)8


You could see a minotaur.

Vanquished Creatures
  3 hydras
  Harold (D:11)
  A two-headed ogre (D:11)
  2 tengu warriors (D:9)
  A centaur warrior (D:10)
  Pikel (D:4)
  An ugly thing (D:10)
  A manticore (D:11)
  Joseph (D:7)
  A black mamba (Lair:2)
  A gargoyle (D:11)
  5 spiny frogs
  2 rime drakes
  2 komodo dragons
  A minotaur skeleton (Lab)
  A merfolk (D:10)
  2 trolls
  Prince Ribbit (D:7)
  6 blink frogs
  2 hippogriffs
  Sigmund (D:3)
  2 basilisks (D:9)
  22 yaks
  Grum (D:8)
  Edmund (D:4)
  Duvessa (D:7)
  4 water moccasins
  8 porcupines
  3 ice beasts
  4 black bears
  An orc warrior (D:10)
  A sky beast (D:6)
  4 slaves
  2 phantoms
  6 crocodiles
  8 ogres
  8 wolves
  6 centaurs
  A big kobold (D:8)
  Blork the orc (D:4)
  5 bullfrogs
  Dowan (D:7)
  7 scorpions
  A water moccasin skeleton (D:8)
  15 killer bees
  4 electric eels
  A howler monkey (D:11)
  5 crimson imps
  A bullfrog zombie (D:10)
  A quasit (D:8)
  2 centaur zombies
  7 hounds
  A jelly (D:11)
  4 orc priests
  A bullfrog skeleton (D:5)
  2 iguanas
  Ijyb (D:4)
  Terence (D:3)
  13 orc wizards
  3 hell rats (Lair:1)
  A statue (D:4)
  8 worker ants
  3 hound skeletons
  7 adders
  8 gnolls
  5 river rats (Lair:1)
  A shadow imp (D:7)
  2 adder zombies
  2 adder skeletons
  4 worms
  5 dart slugs
  4 leopard geckos
  28 orcs
  A ball python (D:1)
  6 giant cockroaches
  8 goblins
  11 hobgoblins
  3 jackals (D:3)
  5 quokkas
  8 bats
  6 frilled lizards
  A jackal skeleton (D:6)
  14 kobolds
  A quokka skeleton (D:4)
  12 rats
  A fungus (Lair:3)
352 creatures vanquished.

Vanquished Creatures (others)
  A centaur (D:6)
  3 fungi (Lair:2)
  2 plants
6 creatures vanquished.

Grand Total: 358 creatures vanquished

Notes
Turn   | Place    | Note
-------+----------+-------------------------------------------
     0 | D:1      | Knicklaso the Minotaur Berserker began the quest for the
                  | Orb.
     0 | D:1      | Reached XP level 1. HP: 19/19 MP: 0/0
    46 | D:1      | Reached skill level 4 in Axes
    57 | D:1      | Reached XP level 2. HP: 11/27 MP: 1/1
   626 | D:2      | Reached skill level 5 in Axes
   626 | D:2      | Reached XP level 3. HP: 23/34 MP: 2/2
   764 | D:2      | Reached ** piety under Trog
  1083 | D:2      | Reached XP level 4. HP: 31/41 MP: 3/3
  1572 | D:3      | Noticed Terence
  1578 | D:3      | Killed Terence
  1605 | D:3      | Reached XP level 5. HP: 44/47 MP: 4/4
  1876 | D:3      | Reached skill level 6 in Axes
  1977 | D:3      | Noticed Sigmund
  1989 | D:3      | Killed Sigmund
  1989 | D:3      | Reached skill level 5 in Fighting
  1989 | D:3      | Reached XP level 6. HP: 37/56 MP: 5/5
  2413 | D:4      | Reached skill level 7 in Axes
  2467 | D:4      | Found a staircase to the Ecumenical Temple.
  2467 | D:4      | Noticed a slave
  2467 | D:4      | Noticed a slave
  2468 | D:4      | Noticed Pikel
  2468 | D:4      | Noticed a slave
  2469 | D:4      | Noticed a slave
  2501 | D:3      | Killed a slave
  2546 | D:3      | Killed a slave
  2551 | D:3      | Killed a slave
  2686 | D:4      | Reached XP level 7. HP: 27/61 MP: 6/6
  2691 | D:4      | Killed Pikel
  2691 | D:4      | Reached skill level 8 in Axes
  3012 | D:4      | Reached skill level 5 in Armour
  3012 | D:4      | Reached XP level 8. HP: 71/71 MP: 7/7
  3018 | D:4      | Got a bloodstained leather armour
  3166 | D:4      | Noticed Edmund
  3167 | D:4      | Found a radiant altar of Vehumet.
  3170 | D:4      | Noticed Blork the orc
  3177 | D:4      | Killed Edmund
  3183 | D:4      | Killed Blork the orc
  3242 | D:4      | Identified the +1 leather armour of the Endless Expanse
                  | {+Blink rN+} (You found it on level 4 of the Dungeon)
  3262 | D:4      | Reached *** piety under Trog
  3271 | D:4      | Noticed Ijyb
  3274 | D:4      | Killed Ijyb
  3274 | D:4      | Reached skill level 9 in Axes
  3361 | D:4      | Reached skill level 5 in Dodging
  3555 | D:5      | Entered Level 5 of the Dungeon
  3581 | D:5      | Reached skill level 1 in Evocations
  3718 | D:5      | Found a sacrificial altar of Ru.
  3793 | D:5      | Found a deep blue altar of Sif Muna.
  3995 | D:5      | Found a glowing golden altar of the Shining One.
  4200 | D:5      | Reached **** piety under Trog
  4435 | D:6      | Reached skill level 10 in Axes
  4476 | D:6      | Reached XP level 9. HP: 79/79 MP: 9/9
  5209 | D:7      | Found a basalt altar of Yredelemnul.
  5313 | D:7      | Noticed Joseph
  5330 | D:7      | Killed Joseph
  5330 | D:7      | Reached skill level 11 in Axes
  5390 | D:7      | Noticed Prince Ribbit
  5468 | D:7      | Noticed Dowan
  5470 | D:7      | Noticed Duvessa
  5473 | D:7      | Killed Dowan
  5481 | D:7      | Killed Duvessa
  5643 | D:7      | Killed Prince Ribbit
  5697 | D:8      | Found a stormy altar of Qazlal.
  5748 | D:8      | Noticed a seven-headed hydra
  5754 | D:8      | Killed a seven-headed hydra
  5754 | D:8      | Reached XP level 10. HP: 78/90 MP: 10/12
  5957 | D:8      | Noticed Grum
  5969 | D:8      | Killed Grum
  5969 | D:8      | Reached skill level 12 in Axes
  6244 | D:8      | Reached ***** piety under Trog
  6362 | D:8      | Found a sparkling altar of Nemelex Xobeh.
  6371 | D:8      | Found an opulent altar of Gozag.
  6826 | D:8      | Reached skill level 5 in Evocations
  6982 | D:9      | Noticed a tengu warrior
  7004 | D:9      | Killed a tengu warrior
  7004 | D:9      | Reached skill level 13 in Axes
  7226 | D:9      | Found a staircase to the Orcish Mines.
  7239 | D:9      | Found a shattered altar of Ashenzari.
  7263 | D:9      | Found a staircase to the Lair.
  7265 | D:9      | Reached skill level 10 in Fighting
  7265 | D:9      | Reached XP level 11. HP: 84/99 MP: 14/14
  7299 | D:9      | Found an ornate altar of the Wu Jian Council.
  7353 | D:9      | Noticed a tengu warrior
  7376 | D:9      | Killed a tengu warrior
  7826 | D:10     | Entered Level 10 of the Dungeon
  7847 | D:10     | Noticed a centaur warrior
  7865 | D:10     | Killed a centaur warrior
  8690 | D:11     | Noticed a purple ugly thing
  8704 | D:10     | Killed a purple ugly thing
  8870 | D:11     | Received a gift from Trog
  8886 | D:11     | Reached skill level 5 in Shields
  8887 | D:11     | Noticed a two-headed ogre
  8929 | D:11     | Killed a two-headed ogre
  9166 | D:11     | Noticed Harold
  9183 | D:11     | Killed Harold
  9201 | D:11     | Reached skill level 14 in Axes
  9682 | Lair:1   | Entered Level 1 of the Lair of Beasts
  9876 | Lair:1   | Reached XP level 12. HP: 103/110 MP: 16/16
 10764 | Lair:2   | Noticed a four-headed hydra
 10775 | Lair:2   | Killed a four-headed hydra
 11106 | Lair:2   | Found a staircase to the Snake Pit.
 11488 | Lair:2   | Found a staircase to the Swamp.
 11674 | Lair:2   | Found a sparkling altar of Nemelex Xobeh.
 12181 | Lair:3   | Noticed a six-headed hydra
 12189 | Lair:3   | Killed a six-headed hydra
 12354 | Lair:3   | Reached skill level 10 in Shields
 12956 | Lair:4   | Reached ****** piety under Trog
 13003 | Lair:4   | Found a labyrinth entrance.
 13011 | Lab      | Entered a labyrinth
 13661 | Lab      | Noticed a minotaur
 13693 | Lab      | HP: 8/168 [minotaur/the cursed +13 scythe of Curses {drain,
                  | *Curse} (13)]
 13694 | Lab      | Noticed a reaper
 13697 | Lab      | HP: 1/112 [soul eater/drain life[the scythe of Curses] (8)]
 13700 | Lab      | Killed by the scythe of Curses

Skill      XL: |  1  2  3  4  5  6  7  8  9 10 11 12 |
---------------+-------------------------------------+-----
Axes           | 4 5 6 7 8 10 11 13 14 | 14.8
Fighting       | 4 5 6 7 8 10 11 12 | 12.2
Armour         | 3 4 5 |  5.0
Dodging        | 3 4 5 7 8 |  8.6
Evocations     | 2 4 5 6 8 |  8.0
Shields        | 7 10 | 10.3

Action                   |  1- 3 |  4- 6 |  7- 9 | 10-12 || total
-------------------------+-------+-------+-------+-------++-------
Melee: Hand axe          |    65 |   158 |     5 |       ||   228
       Headbutt          |    13 |    36 |    45 |   131 ||   225
       Whip              |       |       |   267 |   444 ||   711
       Battleaxe         |       |       |       |   149 ||   149
Invok: Berserk           |     2 |     2 |     1 |     4 ||     9
       Trog's Hand       |       |     1 |     1 |     7 ||     9
Evoke: Wand              |       |       |       |    45 ||    45
  Use: Scroll            |       |       |     1 |    12 ||    13
       Potion            |       |       |       |    10 ||    10
 Stab: Invisible         |       |       |     1 |       ||     1
       Held in net/web   |       |       |       |     1 ||     1
  Eat: Chunk             |     2 |     7 |    11 |    26 ||    46
       Ration            |       |       |       |     2 ||     2
Armor: Animal skin       |    13 |     1 |       |       ||    14
       Chain mail        |       |    66 |     6 |       ||    72
       Scale mail        |       |       |    50 |   151 ||   201
       Leather armour    |       |       |     1 |       ||     1
       Skin              |       |       |     6 |       ||     6
Dodge: Dodged            |    45 |    56 |   107 |   305 ||   513
Block: Other             |       |    30 |    44 |   111 ||   185
       Reflection        |       |       |     2 |     7 ||     9
